[Event "*** Titled Tuesday Blitz"]
[Site "Chess.com"]
[Date "2020.12.29"]
[Round "4"]
[White "PlotnikovPavel"]
[Black "Vusatiuk_Vladimir"]
[Result "0-1"]
[WhiteElo "2435"]
[BlackElo "2304"]
[TimeControl "180+1"]
[EndTime "10:40:38 PST"]
[Termination "Vusatiuk_Vladimir won on time"]

1. e4 c5 2. c3 Nf6 3. e5 Nd5 4.
d4 cxd4 5. Qxd4 e6 6. Bd3 d6 7.
exd6 Bxd6 8. Nf3 Nc6 9. Qe4 h6 10. O-O Nf6 11. Qe2 O-O 12. Rd1 Qc7 13. a4 e5 14. Nbd2 Re8 15. Ne4 Nxe4 16. Qxe4 f5 17. Bc4+ Kh7 18. Qh4 Be7 19. Ng5+ Bxg5 20. Bxg5 Be6 21.
Bd3 Kg8 22. Be3 Rad8 23. Bc2 b6 24. f4 e4 25. Qf2 Rxd1+ 26. Rxd1 Rd8 27. Rxd8+ Qxd8 28. Qd2 Qe7 29. Bd1 Na5 30. Qd4 Nc6 31. Qd2 Na5 32. Bd4 Nc4 33. Qe2 Nd6 34. Be3 Bc4 35.
Qd2 Bd3 36. Bb3+ Kh7 37. h3 Qh4 38. Kh2 Qd8 39. Bd4 Qc7 40. Qe3 g5 41. Be5 Qe7 42.
Qd4 Nf7 43. Bf6 Qc7 44. Qb4 Qxf4+ 45. Kh1 Qf1+ 46. Kh2 Qf4+ 47. Kg1 e3 48. Qxf4 gxf4 49. Bxf7 Bc2 50. Bh4 Bxa4 51. Bc4 Kg7 52. Be2 Bc6 53. Be1 Kf6 54. Bf3 Bb5 55. Bb7 Ke5 56. Bf3 a5 57. b3 Bd3 58. c4 Bc2 59. Bc3+ Ke6 60. Bd5+ Kd6 61. Bg7 Bxb3 62. Bxh6 b5 63. Bxf4+ Kc5 64.
Bxe3+ Kd6 65. Bf4+ Kc5 66. Be3+ Kd6 67. g4 fxg4 68.
hxg4 a4 69. Bg8 a3 70. Bd4 bxc4 0-1

[Event "*** Titled Tuesday Blitz"]
[Site "Chess.com"]
[Date "2020.12.29"]
[Round "4"]
[White "onnoelgersma"]
[Black "Borsuk_Konstantin"]
[Result "0-1"]
[WhiteElo "2432"]
[BlackElo "2637"]
[TimeControl "180+1"]
[EndTime "10:40:39 PST"]
[Termination "Borsuk_Konstantin won by checkmate"]

1. Nf3 b6 2. e4 Bb7 3. Bc4 e6 4. Nc3 d5 5. Bb5+ c6 6. Bd3 Nf6 7. O-O Be7 8. Re1 a6 9. e5 Nfd7 10. Ne2 c5 11. c3 Nc6 12. Ng3 h5 13. Qe2 h4 14. Nf1 Qc7 15. h3 c4 16. Bc2 Nc5 17.
N1h2 b5 18. Ng4 d4 19. Nxd4 Rd8 20. Nf3 Nd3 21. Bxd3 Rxd3 22. b3 O-O 23. bxc4 bxc4 24. a4 Na5 25. Nd4 Rd8 26. Ba3 R8xd4 27. Bxe7 Rxg4 28.
Qxg4 Qxe7 29. Rab1 g6 30. Qf4 Kg7 31. Rb6 g5 32. Qf6+ Qxf6 33. exf6+ Kxf6 34. Re2 Kf5 35. f3 f6 36. Kf2 e5 37. Ke1 Rd8 38. Re3 Rc8 39.
Re2 Rc6 40. Rxc6 Bxc6 41. Kf2 Bxa4 42. Re1 Nb3 43. Ke3 Bb5 44. Rb1 a5 45. Rb2 a4 46. Ra2 Ke6 47. Ra3 f5 48. Ke2 f4 49.
Kd1 Kf5 50. Ra2 e4 51. Ra3 exf3 52. gxf3 Ke5 53. Ke2 Kd5 54. Kd1 Bd7 55. Ke2 Nc5 56. Ra1 Bxh3 57. Rg1 Ne6 58. Ra1 Bf5 59. Rxa4 Bd3+ 60.
Kf2 Ke5 61. Ra5+ Kf6 62. Ra8 Ng7 63. Ra6+ Kf7 64. Ra7+ Kg6 65. Kg2 Nf5 66. Ra6+ Kh5 67. Rf6 g4 68. fxg4+ Kxg4 69. Rf8 Be4+ 70. Kf2 h3 71.
Rg8+ Kh5 72. Rh8+ Nh6 73. Rf8 h2 74. Rxf4 h1=Q 75. Rf5+ Bxf5 76. d3 Ng4+ 77. Kg3 Qh2+ 78. Kf3 Qf2# 0-1

[Event "*** Titled Tuesday Blitz"]
[Site "Chess.com"]
[Date "2020.12.29"]
[Round "4"]
[White "Korchmar_Vasiliy"]
[Black "alexg2003"]
[Result "1-0"]
[WhiteElo "2570"]
[BlackElo "2391"]
[TimeControl "180+1"]
[EndTime "10:40:39 PST"]
[Termination "Korchmar_Vasiliy won by resignation"]

1. e4 e6 2. d4 d5 3. exd5 exd5 4. Nf3 Bd6 5. Bd3 Ne7 6. O-O O-O 7. Nc3 c6 8. Re1 Bf5 9. Bxf5 Nxf5 10. Ne5 f6 11. Nf3 Nd7 12. Qd3 Ne7 13. Ne2 Ng6 14. Ng3 Re8 15.
Bd2 Bxg3 16. hxg3 Ndf8 17. g4 Ne6 18. g3 Qb6 19. Kg2 Nef8 20. c4 Rxe1 21. Rxe1 Qxb2 22. cxd5 Qxa2 23. dxc6 bxc6 24. g5 fxg5 25. Bxg5 Qd5 26. Rc1 Ne6 27. Be3 Rf8 28. Qe2 Re8 29. Qc4 Ne7 30. Qxd5 cxd5 31. Rb1 Nd8 32. Rb8 Nec6 33. Ra8 Kf8 34. Rc8 Ne7 35. Rc7 Ndc6 36. Ne5 Nxe5 37. dxe5 a5 38. Bc5 Kf7 39. f4 Ke6 40. Ra7 Nc6 41.
Rxg7 h5 42. Rh7 d4 43. Kf3 Kd5 44. Ba3 Rb8 45. Rd7+ Kc4 46. Ke4 Rb3 47. Bf8 Re3+ 48.
Kf5 Rxg3 49. e6 d3 50. Rc7 Kd5 51. Rd7+ Kc4 52. Rc7 Kb5 53. e7 Re3 54. Kf6 d2 55. Rd7 Re2 56. Rxd2 Re4 57. f5 a4 58. Kf7 Nxe7 59. Bxe7 h4 60. Rh2 Rf4 61. f6 Kc4 62. Ke8 Kb3 63. f7 a3 64. Bxa3 Kxa3 65. f8=Q+ Rxf8+ 66. Kxf8 Kb3 67. Rh3+ Kc4 68. Rxh4+ Kd5 69. Rg4 Ke5 70.
Rg7 Kf5 71. Rf7+ Ke6 72. Rf2 Ke5 73. Kg7 Ke4 74. Rf6 Ke5 75. Kg6 Kd5 76. Kf5 Kd4 77. Re6 Kd5 1-0

[Event "*** Titled Tuesday Blitz"]
[Site "Chess.com"]
[Date "2020.12.29"]
[Round "4"]
[White "annamaja"]
[Black "Moon_stone123"]
[Result "1-0"]
[WhiteElo "2298"]
[BlackElo "2434"]
[TimeControl "180+1"]
[EndTime "10:40:40 PST"]
[Termination "annamaja won by resignation"]

1. e4 c5 2. Nf3 d6 3. d4 cxd4 4. Nxd4 Nf6 5. Nc3 g6 6. Be3 Bg7 7. Be2 Nc6 8. O-O O-O 9. Kh1 d5 10. Nxc6 bxc6 11. exd5 Nxd5 12. Nxd5 Qxd5 13. c3 Be6 14.
Bf3 Qxd1 15. Rfxd1 Rab8 16. b3 a5 17. Rac1 Rfc8 18.
Bc5 Bf6 19. Rc2 Bf5 20. Re2 Be6 21. Bd4 Bxd4 22. Rxd4 c5 23. Ra4 c4 24. b4 axb4 25.
Rxb4 Rxb4 26. cxb4 c3 27. Be4 Rb8 28. a3 Bb3 29. Bc2 Be6 30. Re3 Rc8 31. h3 Bf5 32. Re2 Ra8 33. Bxf5 gxf5 34. Rxe7 Rxa3 35. Rc7 Rb3 36.
b5 Kg7 37. Kh2 f4 38. b6 Rxb6 39. Rxc3 Kg6 40. Rf3 Kg5 41. Rc3 f5 42. Rc7 h5 43.
Rg7+ Kf6 44. Rg8 Rb2 45. f3 Ra2 46. h4 Ra1 47. Rh8 Kg6 48. Rb8 Ra2 49. Rb4 Ra3 50.
Rxf4 Ra2 51. Rb4 Ra3 52. Kg3 Ra2 53. Rb6+ Kg7 54. Rc6 Ra4 55. Rd6 Rb4 56. Rd5 Kf6 57. Rd8 Kg6 58. Rg8+ Kf7 59. Rg5 Kf6 60. Rxh5 Rb1 61.
Rh8 Rh1 62. Rf8+ Kg6 63. Rg8+ Kf6 64. Rd8 Kg6 65. Rd6+ Kf7 66. f4 Rf1 67. h5 Rh1 68. h6 Ke7 69. Ra6 Kf7 70. h7 Rxh7 71. Ra7+ Kg8 72. Rxh7 Kxh7 73. Kf3 Kg6 74. Ke3 Kh5 75. Kd4 Kg4 76. Ke5 Kg3 77. Kxf5 Kxg2 78. Kg5 Kg3 79. f5 Kf3 80. f6 Ke4 81. f7 Ke5 82. f8=Q 1-0

[Event "*** Titled Tuesday Blitz"]
[Site "Chess.com"]
[Date "2020.12.29"]
[Round "4"]
[White "EugeneRougon"]
[Black "KononenkoD"]
[Result "1-0"]
[WhiteElo "2758"]
[BlackElo "2462"]
[TimeControl "180+1"]
[EndTime "10:40:41 PST"]
[Termination "EugeneRougon won by checkmate"]

1. e4 c6 2. d4 d5 3. e5 Bf5 4.
Nf3 e6 5. Be2 Ne7 6. O-O c5 7.
c4 Nbc6 8. dxc5 d4 9. Qa4 d3 10.
Rd1 Ng6 11. Be3 Qa5 12. Qxa5 Nxa5 13. Bxd3 Bxd3 14. Rxd3 Nxc4 15. Nbd2 Nxe3 16. Rxe3 Bxc5 17. Rc3 Bb6 18. Nc4 Kf8 19. Rd1 Rd8 20. Rxd8+ Bxd8 21. Nd6 Ne7 22. Nxb7 Ke8 23. Nd6+ Kd7 24. Nxf7 Rf8 25.
Nxd8 Rxd8 26. g3 Nd5 27. Rc2 Rb8 28. b3 Nb4 29. Rd2+ Ke7 30. Ng5 h6 31. Ne4 Rc8 32.
f4 Rc1+ 33. Kg2 Ra1 34. a4 Rb1 35. Nc5 Nd5 36. Kh3 g6 37. Rc2 Nb4 38. Rc4 Nd5 39. a5 Rb2 40. Re4 Nc3 41. Re1 Nd5 42. a6 Rc2 43.
Ne4 Rb2 44. Nc5 Rc2 45. Ne4 Rb2 46. Rc1 Rxb3 47. Rc6 Rb6 48. Rxb6 axb6 49. Nd6 Nc7 50.
Nc8+ Kd8 51. Nxb6 Nxa6 52. Nc4 Ke7 53. Kg2 Nc5 54. Kf3 Kd7 55. Nd6 Ke7 56. Ne4 Nd7 57.
Nf2 Nb6 58. Ng4 h5 59. Ne3 Kf7 60. Ng2 Nd5 61. Nh4 Nc3 62. Ke3 Nd5+ 63. Kd4 Nb4 64. Nf3 Nc2+ 65. Kc5 Ne3 66. Kd6 Nf5+ 67. Kd7 Ne3 68.
Ng5+ Kg8 69. Kxe6 Nf1 70. Nf3 Kf8 71. Kf6 Ne3 72. Kxg6 Nd5 73. Kxh5 Ne7 74. g4 Kg7 75. f5 Kh7 76. Ng5+ Kg8 77. f6 Nd5 78. Kg6 Kh8 79.
e6 Nf4+ 80. Kf5 Nd5 81. e7 Nxe7+ 82. fxe7 Kg7 83. h4 Kh6 84. e8=Q Kg7 85. Qf7+ Kh6 86. Qh7# 1-0

[Event "*** Titled Tuesday Blitz"]
[Site "Chess.com"]
[Date "2020.12.29"]
[Round "4"]
[White "MasterMK73"]
[Black "WonderChampion"]
[Result "0-1"]
[WhiteElo "2248"]
[BlackElo "2063"]
[TimeControl "180+1"]
[EndTime "10:40:49 PST"]
[Termination "WonderChampion won on time"]

1. e4 c5 2. c3 Nf6 3. e5 Nd5 4.
d4 cxd4 5. cxd4 d6 6. Nf3 Nc6 7.
Bc4 Nb6 8. Bb5 Bd7 9. Nc3 g6 10.
exd6 exd6 11. O-O Bg7 12. Re1+ Ne7 13. Qe2 Bxb5 14. Nxb5 Nd5 15. Bg5 f6 16. Bh4 O-O 17.
Qe6+ Kh8 18. Nxd6 Qb6 19. Rab1 a5 20. Nf7+ Kg8 21. Nd6+ Kh8 22. Bg3 a4 23. Nf7+ Kg8 24. N7g5+ Kh8 25. Qxb6 Nxb6 26. Ne6 Rf7 27. Nxg7 Kxg7 28.
Bd6 Nf5 29. Bc5 Nd5 30. g4 Nfe7 31. g5 f5 32. Ne5 Rff8 33. Nd7 Rfe8 34. Nf6 Nxf6 35.
Bxe7 Nd5 36. Bd6 Kf7 37. Be5 Ne7 38. Re3 Nc6 39. f4 Rad8 40. Rd1 Nb4 41. a3 Nd5 42. Rc3 Nb6 43. Rcd3 Nc4 44. Rb1 Nxe5 45. fxe5 Rxe5 46. dxe5 Rxd3 47. Kf2 Rd2+ 48. Ke3 Rd5 49. Kf4 Ke6 50. Rc1 Rd4+ 51. Ke3 Rd5 52. Rc7 Rxe5+ 53. Kf3 Rb5 54. Rxh7 Rb3+ 55. Kf4 Rxb2 56. Rh6 Rb3 57. Rxg6+ Kf7 58. Rf6+ Kg7 59. Rxf5 Rxa3 60. h4 Rb3 61. Rc5 Rb4+ 62. Kg3 b5 63. h5 a3 64. Rc7+ Kg8 65. Rc1 Rb3+ 66. Kf4 b4 67. Kf5 a2 68. Kg6 Kf8 69.
h6 Rb1 70. h7 a1=Q 0-1

[Event "*** Titled Tuesday Blitz"]
[Site "Chess.com"]
[Date "2020.12.29"]
[Round "4"]
[White "ChessteacherPalmS"]
[Black "Zemerovv"]
[Result "1-0"]
[WhiteElo "2351"]
[BlackElo "2174"]
[TimeControl "180+1"]
[EndTime "10:40:54 PST"]
[Termination "ChessteacherPalmS won by resignation"]

1. d4 g6 2. c4 Bg7 3. Nc3 d6 4. e4 Nc6 5. Be3 e5 6. Nge2 Nf6 7.
d5 Ne7 8. f3 O-O 9. Qd2 c5 10.
g4 h5 11. h3 a6 12. Ng3 h4 13. Nge2 b5 14. Bg5 bxc4 15. Bxh4 Rb8 16. Ng3 Qb6 17.
Nd1 Bd7 18. Bxc4 Bb5 19. Bxb5 Qxb5 20. Bg5 Rb7 21. h4 Qb4 22. h5 Qxd2+ 23. Bxd2 Nc8 24. Rc1 Nb6 25. b3 Rc8 26. Nb2 Rbc7 27. Ba5 Rb7 28. hxg6 fxg6 29. Bxb6 Rxb6 30. Nc4 Rb4 31. Nxd6 Rc7 32. Rc4 Bf8 33. Rxb4 cxb4 34. Nc4 Bc5 35. Ke2 Nd7 36. Nf1 Bd4 37. Nfe3 a5 38. g5 a4 39. bxa4 Ra7 40. a5 Nc5 41. Rb1 Bc3 42. d6 Kf7 43. Nd5 Ke6 44. Nc7+ Kd7 45. Nb5 Ra6 46. Nxc3 bxc3 47.
Rb6 Ra7 48. Kd1 Na4 49. Rb4 Nc5 50. Kc2 Nb7 51. Rb5 Nd8 52. Rb6 Nc6 53. Kxc3 Nxa5 54. Nxe5+ Ke6 55. d7+ Ke7 56. Rb8 Nb7 57. Nc6+ Kxd7 58.
Nxa7 Nc5 59. Rb6 Na4+ 60. Kd4 Nxb6 61. Ke5 Ke7 62. Nc6+ Kd7 63. Nd4 Ke7 64. f4 Nc4+ 65.
Kd5 Ne3+ 66. Kc5 Ng2 67. Ne2 Ne3 68. a4 Nc2 69. a5 Kd7 70. a6 Kc7 71. Kd5 Ne3+ 72. Ke6 Nc4 73. Kf6 Nd6 74. e5 Ne8+ 75.
Kf7 Kd7 76. e6+ Kd8 77. e7+ Kd7 78. a7 Nd6+ 79. Kf8 Kc7 80. a8=Q Kd7 81. Qd8+ Kc6 82.
Nd4+ Kc5 83. Nf3 Kc6 84. Ne5+ Kc5 85. Nxg6 Kc6 86. Qxd6+ Kxd6 87. e8=Q Kd5 88. Qe5+ Kc4 89. Ne7 Kd3 90. g6 Kd2 91. g7 Kd3 92. g8=Q Kd2 93.
Qgd5+ Kc2 94. Qe2+ 1-0

[Event "*** Titled Tuesday Blitz"]
[Site "Chess.com"]
[Date "2020.12.29"]
[Round "4"]
[White "NeverW84M8"]
[Black "XDPS"]
[Result "0-1"]
[WhiteElo "2501"]
[BlackElo "2719"]
[TimeControl "180+1"]
[EndTime "10:40:58 PST"]
[Termination "XDPS won by resignation"]

1. d4 d5 2. c4 e6 3. Nc3 Nf6 4.
cxd5 exd5 5. Bg5 c6 6. e3 h6 7. Bf4 Bd6 8. Nge2 O-O 9. Qc2 Re8 10. h3 a5 11. g4 Na6 12. a3 Nc7 13. Bg2 Ne6 14.
Bxd6 Qxd6 15. O-O Ng5 16. Ng3 Rxe3 17. fxe3 Qxg3 18. Kh1 Nxh3 19. Rf3 Qxg4 20. Rxh3 Qg5 21. Qf2 Bxh3 22. Bxh3 Re8 23. Re1 Qh5 24. Kg2 Qg6+ 25. Qg3 Qd3 26. Qf3 Qg6+ 27. Kf2 Kf8 28. Bf5 Qg5 29. Rg1 Qh4+ 30. Qg3 Qxg3+ 31. Rxg3 g6 32. Bd3 h5 33. Ne2 Ng4+ 34. Kg1 Nxe3 35. Nf4 Ng4 36. Rf3 Kg7 37. Ng2 f5 38. Bf1 Kf6 39. Nf4 h4 40. Ng2 g5 41. Bd3 Nh6 42. Ne3 f4 43.
Ng2 Re7 44. Kh2 Ng4+ 45. Kh3 Nh6 46. Rf2 Nf7 47. Nxf4 gxf4 48. Rxf4+ Ke6 49. Kxh4 Kd6 50. Rf6+ Kc7 51. Bf5 Nd6 52. Bg4 Re4 53. Kg5 Rxd4 54. Rh6 Ne4+ 55. Kf5 Rd2 56. Rh7+ Kb6 57. Ke5 Rxb2 58.
Bc8 Nc5 59. Kd6 Rg2 60. Rh1 Rg6+ 61. Ke5 Kc7 62. Bf5 Rg7 63. Kf6 Rg2 64. Rc1 Kd6 65.
Re1 Rf2 66. Re8 Ne4+ 67. Kg6 Nc5 68. Rd8+ Kc7 69. Rg8 b5 70. Rg7+ Kb6 71. Bc8 b4 72. axb4 axb4 73. Rh7 Rg2+ 74. Kf5 b3 75. Ke5 Re2+ 76.
Kd4 b2 77. Bf5 Ne4 78. Rh1 Ng3 79. Rb1 Nxf5+ 80. Kd3 Rh2 81. Kc3 c5 82. Rxb2+ Rxb2 83. Kxb2 c4 0-1

[Event "*** Titled Tuesday Blitz"]
[Site "Chess.com"]
[Date "2020.12.29"]
[Round "4"]
[White "Snowflake"]
[Black "Nils_03"]
[Result "0-1"]
[WhiteElo "2433"]
[BlackElo "2245"]
[TimeControl "180+1"]
[EndTime "10:41:01 PST"]
[Termination "Nils_03 won by checkmate"]

1. b3 a5 2. Bb2 a4 3. h4 e6 4.
h5 h6 5. g3 Nf6 6. Bg2 a3 7.
Bc3 d5 8. Nf3 c5 9. d3 Nc6 10. Bd2 b5 11. Qc1 b4 12. c4 Bb7 13.
Bf4 Bd6 14. Nbd2 Bxf4 15. gxf4 Qd6 16. Nf1 O-O 17. Ng3 dxc4 18. dxc4 Nd4 19. Nh4 Bxg2 20. Nxg2 Rad8 21. e3 Nf3+ 22. Ke2 Qc6 23. Rd1 Nh2 24. Nh4 Nhg4 25. f3 Nh2 26. Rh1 Qd7 27. Rxh2 Qd3+ 28.
Kf2 Qd2+ 29. Qxd2 Rxd2+ 30. Kg1 Rxh2 31. Kxh2 Rd8 32. Re1 Rd3 33. Re2 Rd1 34. Kg2 Kh7 35. Kf2 g6 36. hxg6+ fxg6 37. Ng2 h5 38. Ne4 Nxe4+ 39.
fxe4 Ra1 40. Nh4 Kg7 41. Nf3 Kf6 42. Ne5 Rh1 43. Kg2 Rb1 44. Nd3 g5 45. Nxc5 g4 46. Nd3 h4 47. Kh2 h3 48. Kg3 Rg1+ 49. Kh2 Rb1 50.
Nf2 Rb2 51. Kg3 Rxe2 52. Nxg4+ Ke7 53. Kxh3 Rxa2 54. Ne5 Rb2 55. Nc6+ Kd6 56. Nxb4 a2 57. Nxa2 Rxa2 58. Kg4 Rb2 59. Kf3 Rxb3 60. e5+ Kc5 61. Ke4 Rc3 62. Kf3 Rxc4 63. Kg4 Kd5 64. Kg5 Re4 65. Kf6 Rxe3 66. Kg5 Re4 67. Kf6 Rxf4+ 68. Kg5 Re4 69. Kf6 Rxe5 70. Ke7 Re1 71. Ke8 e5 72.
Ke7 e4 73. Kd7 e3 74. Kc7 e2 75. Kb7 Rd1 76. Kb8 e1=Q 77. Kc8 Qc3+ 78. Kd8 Kc4+ 79.
Ke8 Qe1+ 80. Kf7 Qe2 81. Kg8 Rf1 82. Kh7 Qg2 83. Kh6 Rh1# 0-1

[Event "*** Titled Tuesday Blitz"]
[Site "Chess.com"]
[Date "2020.12.29"]
[Round "4"]
[White "swimmerchess"]
[Black "MatyChess1"]
[Result "0-1"]
[WhiteElo "2793"]
[BlackElo "2543"]
[TimeControl "180+1"]
[EndTime "10:41:05 PST"]
[Termination "MatyChess1 won by resignation"]

1. e4 c5 2. Nf3 g6 3. d4 cxd4 4. Qxd4 Nf6 5. Bb5 Nc6 6. Bxc6 bxc6 7. e5 Nd5 8. c4 Nc7 9. Nc3 Bg7 10. O-O d6 11.
Re1 Ne6 12. Qh4 dxe5 13. Nxe5 Qd4 14. Qg3 Bb7 15. Re4 Qd6 16. Be3 Rd8 17. Bf4 Nxf4 18. Qxf4 O-O 19. Qe3 c5 20. Nd5 e6 21. Rd1 exd5 22.
cxd5 Bxd5 23. Nf3 Qc6 24. Re7 Bxf3 25. Rxd8 Rxd8 26. gxf3 Bf6 27. Rxa7 Rd1+ 28. Kg2 Bd4 29. Qf4 Qf6 30. Qb8+ Kg7 31. Ra8 Qg5+ 32. Kh3 Qh5+ 33. Kg2 Be5 34. Qf8+ Kf6 35. Ra6+ Kg5 36. f4+ Kxf4 37.
Qxf7+ Qf5 38. Qb3 Qg4+ 39. Qg3+ Qxg3+ 40. hxg3+ Kf5 41. f4 Bd4 42. b3 Rd2+ 43. Kh3 h5 44. Ra8 Bg1 45. Rf8+ Ke6 46. Kh4 Rg2 47. a4 Ke7 48.
Rb8 Bf2 49. Rb7+ Kf8 50. Kg5 Bxg3 51. Kxg6 Bxf4+ 52. Kxh5 Be3 53. a5 Ra2 54. Rb5 Ke7 55. Kg4 Bd4 56. Kf3 Kd6 57. Ke4 Kc6 58. Rb8 Rxa5 59. b4 Ra4 60. bxc5 Bxc5+ 61. Kd3 Ra3+ 62.
Kc4 Ra4+ 63. Kb3 Rh4 64. Rc8+ Kb5 65. Rb8+ Bb6 66. Rc8 Rh3+ 67. Rc3 Rh4 68. Rd3 Bc5 69. Rf3 Ra4 70. Kb2 Kc4 71. Rc3+ Kb4 72. Rb3+ Kc4 73.
Rc3+ Kb5 74. Rb3+ Bb4 75. Kc2 Kc4 76. Kb2 Ra8 77. Rh3 Bc5 78. Rh4+ Bd4+ 79. Kc2 Ra2+ 80.
Kb1 Rg2 81. Rh1 Kb3 82. Rd1 Bc3 83. Kc1 Rc2+ 84. Kb1 Ra2 0-1

[Event "*** Titled Tuesday Blitz"]
[Site "Chess.com"]
[Date "2020.12.29"]
[Round "4"]
[White "Dynamikus"]
[Black "serena-maria"]
[Result "1/2-1/2"]
[WhiteElo "2723"]
[BlackElo "2384"]
[TimeControl "180+1"]
[EndTime "10:41:17 PST"]
[Termination "Game drawn by stalemate"]

1. e4 c5 2. Nf3 d6 3. d4 cxd4 4. Nxd4 Nf6 5. Nc3 g6 6. Be2 Bg7 7. O-O O-O 8. Nb3 Nc6 9. Re1 Be6 10. Bg5 Na5 11. Qd2 Rc8 12. Bf1 Nc4 13. Bxc4 Rxc4 14. f3 Qb6+ 15. Kh1 Rfc8 16. Rac1 a6 17. Nd5 Nxd5 18. exd5 Bf5 19. c3 e5 20. dxe6 Bxe6 21.
Rcd1 Ra4 22. Be3 Qc7 23. Ra1 Rh4 24. Bf2 Ra4 25. Nd4 Bxa2 26. b3 Bxb3 27. Nxb3 Rxa1 28.
Nxa1 Bxc3 29. Qe2 Bxe1 30. Bxe1 Qc1 31. Nb3 Qc4 32. Qe3 Qf1+ 33. Qg1 Qxg1+ 34. Kxg1 Rc2 35. Nd4 Rb2 36. Bc3 Rb1+ 37. Kf2 b5 38. Ke2 b4 39. Bd2 a5 40. Kd3 a4 41. Kc2 Rg1 42. Bxb4 Rxg2+ 43. Kd3 Rxh2 44. Bxd6 Rh3 45. Ke3 h5 46.
Kf2 Rh1 47. Nb5 Rd1 48. Ba3 Rd2+ 49. Ke3 Ra2 50. Be7 Kg7 51. Nc3 Rc2 52. Nxa4 Rc4 53. Nc5 Rc3+ 54. Kf2 f6 55. Ne4 Rc2+ 56. Kg3 Rc6 57. Ba3 g5 58. Bb2 Kg6 59. Kf2 f5 60. Nc3 Rb6 61. Bc1 Rc6 62. Bd2 h4 63. Nd5 Rd6 64.
Ne7+ Kf7 65. Bxg5 h3 66. Nxf5 Rd5 67. Nh6+ Kg6 68. Bf4 Rh5 69. Kg1 Rxh6 70. Bxh6 Kxh6 71. Kh2 Kg5 72. Kxh3 Kf4 73. Kg2 Kg5 74. Kg3 Kf5 75.
Kf2 Kf4 76. Ke2 Kf5 77. Ke3 Ke5 78. f4+ Kf5 79. Kf3 Kf6 80. Ke4 Ke6 81. Kf3 Kf5 82. Kg3 Kg6 83. Kg4 Kf6 84. f5 Kf7 85. Kf4 Kf6 86.
Kg4 Kf7 87. Kg5 Kg7 88. f6+ Kf7 89. Kf5 Kf8 90. Ke6 Ke8 91. f7+ Kf8 92. Kf6 1/2-1/2

[Event "*** Titled Tuesday Blitz"]
[Site "Chess.com"]
[Date "2020.12.29"]
[Round "4"]
[White "frenchpin"]
[Black "Chernobay_Artem"]
[Result "1/2-1/2"]
[WhiteElo "2465"]
[BlackElo "2638"]
[TimeControl "180+1"]
[EndTime "10:41:21 PST"]
[Termination "Game drawn by repetition"]

1. e4 c6 2. d4 d5 3. Nc3 dxe4 4. Nxe4 Nf6 5. Nxf6+ exf6 6. c3 Bd6 7. Bd3 O-O 8. Qc2 h5 9. Be3 Re8 10. Ne2 h4 11. h3 Nd7 12. O-O Nf8 13. Rae1 Be6 14. Bf4 Qc7 15. Bxd6 Qxd6 16. Nc1 Bd5 17. c4 Be6 18.
Nb3 a5 19. a4 Nd7 20. Re4 f5 21. Rxh4 Qe7 22. Rf4 Qg5 23. Rf3 g6 24. Rg3 Qf6 25.
Rf3 b6 26. Rd1 Rad8 27. Bf1 Nf8 28. Rfd3 f4 29. Qc1 Nh7 30. d5 cxd5 31. cxd5 Bd7 32. d6 Bxa4 33. Qc4 Bxb3 34. Qxb3 Ng5 35. d7 Rf8 36. Rd6 Qe5 37. Qxb6 f3 38. Qe3 Qxe3 39.
fxe3 fxg2 40. Bxg2 Kg7 41. R6d5 Ne6 42. Rxa5 Kf6 43. Ra6 Ke7 44. Rc6 Rxd7 45. Rxd7+ Kxd7 46. Rb6 Rc8 47. Rb7+ Ke8 48. Bd5 Rc2 49. Bxe6 fxe6 50.
b4 Rb2 51. b5 Kd8 52. b6 Kc8 53. Rc7+ Kd8 54. Rc6 Kd7 55. Rc7+ Kd6 56. Rg7 Rxb6 57. Rxg6 Ke5 58. Rg4 Kf5 59. Kg2 Rb3 60. Kf3 e5 61.
h4 Ra3 62. Rg5+ Kf6 63. Ke4 Ra4+ 64. Kd5 Rxh4 65. Rxe5 Rh3 66. Re6+ Kf7 67. Re4 Rh5+ 68. Re5 Rh1 69. Rf5+ Ke7 70. Rf3 Rh5+ 71. Ke4 Ke6 72. Rf4 Ra5 73. Kf3 Rb5 74. Rh4 Ra5 75. Rh6+ Ke7 76.
e4 Rb5 77. Kf4 Ra5 78. Rh7+ Ke6 79. Rh6+ Ke7 80. e5 Ra1 81. Rh7+ Ke6 82. Rh6+ Ke7 83.
Ke4 Re1+ 84. Kd5 Rd1+ 85. Ke4 Re1+ 86. Kd4 Rf1 87. Kc3 Re1 88. Kd4 Rd1+ 89. Ke4 Re1+ 1/2-1/2

[Event "*** Titled Tuesday Blitz"]
[Site "Chess.com"]
[Date "2020.12.29"]
[Round "5"]
[White "Alexander_Zubov"]
[Black "ODreamchess"]
[Result "1-0"]
[WhiteElo "2939"]
[BlackElo "2689"]
[TimeControl "180+1"]
[EndTime "10:48:35 PST"]
[Termination "Alexander_Zubov won by resignation"]

1. d4 Nf6 2. c4 g6 3. Nf3 Bg7 4. Nc3 O-O 5. e4 d6 6. Be2 Bg4 7. Be3 Nfd7 8. Ng1 Bxe2 9. Ngxe2 c5 10. d5 Na6 11. O-O Nc7 12. a4 a6 13. a5 Rb8 14. b3 1-0

[Event "*** Titled Tuesday Blitz"]
[Site "Chess.com"]
[Date "2020.12.29"]
[Round "5"]
[White "Tagliata"]
[Black "zverr1"]
[Result "1-0"]
[WhiteElo "2305"]
[BlackElo "2442"]
[TimeControl "180+1"]
[EndTime "10:49:53 PST"]
[Termination "Tagliata won by resignation"]

1. e4 c5 2. Nc3 Nc6 3. g3 g6 4. Bg2 Bg7 5. d3 d6 6. f4 e6 7. Nf3 Nge7 8. O-O O-O 9. Be3 Nd4 10. Bf2 Nec6 11. Nxd4 Nxd4 12. e5 dxe5 13. fxe5 Bxe5 14. Ne4 Nc6 15. Bxc5 Bxb2 16. Bxf8 Qd4+ 17. Kh1 Bxa1 18.
Bc5 Qb2 19. Qxa1 Qxa1 20. Rxa1 1-0

[Event "*** Titled Tuesday Blitz"]
[Site "Chess.com"]
[Date "2020.12.29"]
[Round "5"]
[White "Kretov_Evgenij"]
[Black "scabies1"]
[Result "1-0"]
[WhiteElo "2517"]
[BlackElo "2326"]
[TimeControl "180+1"]
[EndTime "10:49:57 PST"]
[Termination "Kretov_Evgenij won by resignation"]

1. d4 Nf6 2. c4 e6 3. Nc3 Bb4 4.
Bg5 c5 5. d5 h6 6. Bh4 exd5 7.
cxd5 d6 8. e3 g5 9. Bg3 Qa5 10.
Qc2 Nxd5 11. Rc1 O-O 12. Bc4 Nb6 13. Qg6+ Kh8 14. Qxh6+ Kg8 15. Qxg5+ Kh8 16. Qf6+ Kh7 17. Bd3+ 1-0

[Event "*** Titled Tuesday Blitz"]
[Site "Chess.com"]
[Date "2020.12.29"]
[Round "5"]
[White "Abdoabedov"]
[Black "chessuriel"]
[Result "0-1"]
[WhiteElo "2003"]
[BlackElo "2221"]
[TimeControl "180+1"]
[EndTime "10:49:58 PST"]
[Termination "chessuriel won by resignation"]

1. b3 c5 2. Bb2 e6 3. c4 Nf6 4.
e3 Be7 5. Nf3 O-O 6. d4 cxd4 7.
Nxd4 Ne4 8. Bd3 Qa5+ 9. Nd2 Nxd2 10. Qxd2 Bb4 0-1

[Event "*** Titled Tuesday Blitz"]
[Site "Chess.com"]
[Date "2020.12.29"]
[Round "5"]
[White "SanchezKelvin"]
[Black "Xeslu"]
[Result "0-1"]
[WhiteElo "2441"]
[BlackElo "2310"]
[TimeControl "180+1"]
[EndTime "10:49:59 PST"]
[Termination "Xeslu won by resignation"]

1. d4 Nf6 2. c4 c5 3. d5 b5 4.
cxb5 a6 5. bxa6 g6 6. g3 d6 7. Bg2 Bg7 8. Nc3 Bxa6 9. Nf3 O-O 10. O-O Nbd7 11. Re1 Ng4 12. h3 Nge5 13. Nxe5 Nxe5 14. e4 Nd3 15. Re3 Nxc1 16. Rxc1 Rb8 17. b3 Bd4 18. Re1 Qa5 19. Na4 Bb5 20. e5 Bxa4 21. bxa4 Rb2 22.
Rc2 Rxc2 23. Qxc2 Qxe1+ 0-1

[Event "*** Titled Tuesday Blitz"]
[Site "Chess.com"]
[Date "2020.12.29"]
[Round "5"]
[White "Alexey_Ustinov"]
[Black "03revilo"]
[Result "1-0"]
[WhiteElo "2465"]
[BlackElo "2294"]
[TimeControl "180+1"]
[EndTime "10:50:26 PST"]
[Termination "Alexey_Ustinov won by resignation"]

1. d4 d5 2. Nf3 e6 3. Bf4 Bd6 4. Bg3 Nf6 5. e3 O-O 6. Nbd2 c5 7. c3 Qc7 8. Ne5 Nc6 9. f4 Ne4 10. Nxe4 dxe4 11. Be2 f6 12. Nxc6 Qxc6 13. O-O b6 14. Qb3 Kh8 15. a4 Bc7 16. Bb5 Qb7 17. Bc4 Qc6 18. d5 1-0

[Event "*** Titled Tuesday Blitz"]
[Site "Chess.com"]
[Date "2020.12.29"]
[Round "5"]
[White "kirillshevchenko"]
[Black "TregubovP"]
[Result "1-0"]
[WhiteElo "2876"]
[BlackElo "2590"]
[TimeControl "180+1"]
[EndTime "10:50:27 PST"]
[Termination "kirillshevchenko won by resignation"]

1. e4 e6 2. c4 d5 3. cxd5 exd5 4. Qb3 dxe4 5. Bc4 Qd7 6. d3 Nc6 7. dxe4 Na5 8. Qc2 Nxc4 9. Qxc4 Nf6 10. Nc3 Qe6 11.
Qe2 Bb4 12. Qb5+ Bd7 13. Qxb4 O-O-O 14. Nge2 Bc6 15. f3 1-0

[Event "*** Titled Tuesday Blitz"]
[Site "Chess.com"]
[Date "2020.12.29"]
[Round "5"]
[White "glebus008"]
[Black "ClydeHillKid"]
[Result "0-1"]
[WhiteElo "2229"]
[BlackElo "2382"]
[TimeControl "180+1"]
[EndTime "10:50:42 PST"]
[Termination "ClydeHillKid won by resignation"]

1. e4 e6 2. d4 d5 3. e5 c5 4.
c3 Nc6 5. Nf3 Qb6 6. a3 c4 7.
Nbd2 f6 8. Rb1 fxe5 9. Nxe5 Nxe5 10. dxe5 Bc5 11. Qh5+ g6 12. Qh4 Ne7 13. g4 O-O 14. f3 Nc6 15. b4 cxb3 16. Rxb3 Qc7 17. f4 Rxf4 18. Be2 Bf2+ 0-1

[Event "*** Titled Tuesday Blitz"]
[Site "Chess.com"]
[Date "2020.12.29"]
[Round "5"]
[White "731291"]
[Black "Flopezin"]
[Result "1/2-1/2"]
[WhiteElo "2567"]
[BlackElo "2361"]
[TimeControl "180+1"]
[EndTime "10:50:58 PST"]
[Termination "Game drawn by agreement"]

1. e4 e5 2. Nf3 Nc6 3. Bb5 a6 4. Ba4 Nf6 5. O-O Bc5 6. d3 b5 7.
Bb3 d6 8. Be3 Bxe3 9. fxe3 O-O 10. a4 Be6 11. c3 d5 12. Ng5 Bg4 13. Qe1 h6 14. exd5 hxg5 15. dxc6 Qxd3 16. Qg3 Be2 17.
Na3 Bxf1 18. Rxf1 g4 1/2-1/2